 Dungeon Crawl Stone Soup version 0.20.0-6-gd3061e9 (webtiles) character file.

34532 ghjk the Severer (level 13, -1/116 HPs)
             Began as a Minotaur Fighter on May 28, 2017.
             Was the Champion of Okawaru.
             Slain by a black mamba (12 damage)
             ... on level 4 of the Lair of Beasts.
             The game lasted 00:34:14 (17876 turns).

ghjk the Severer (Minotaur Fighter)                Turns: 17876, Time: 00:34:15

Health: -1/116     AC: 21    Str: 24    XL:     13   Next: 42%
Magic:  12/12      EV:  8    Int: 13    God:    Okawaru [******]
Gold:   1002       SH: 13    Dex: 12    Spells: 12/12 levels left

rFire    . . .     SeeInvis .   a - +1 war axe
rCold    . . .     Gourm    +   U - +0 shield (curse)
rNeg     . . .     Faith    .   q - +1 plate armour
rPois    +         Spirit   .   W - +0 hat
rElec    .         Reflect  .   X - +2 cloak {+Inv}
rCorr    .         Harm     .   (no gloves)
MR       .....                  R - +0 pair of boots
Stlth    ..........             o - amulet of the gourmand
Regen    0.3/turn               T - ring of poison resistance
MPRegen  0.2/turn               g - ring "Zenybluf" {+Fly Int+8}

@: no status effects
A: retaliatory headbutt, horns 2
a: Heroism, Finesse, Renounce Religion, Evoke Invisibility, Evoke Flight


You were on level 4 of the Lair of Beasts.
You worshipped Okawaru.
Okawaru was exalted by your worship.
You were not hungry.

You visited 3 branches of the dungeon, and saw 18 of its levels.
You also visited: Sewer.

You collected 1002 gold pieces.

Inventory:

Hand Weapons
 a - a +1 war axe (weapon)
 S - the +1 flail of Sulphur {pain, +Rage MR+ MP+9}
   (You found it on level 1 of the Lair of Beasts)

   In the hands of one skilled in necromantic magic, it inflicts extra damage on
   living creatures.
   It affects your resistance to hostile enchantments.
   It affects your magic capacity (+9).
   It lets you go berserk.
Armour
 q - a +1 plate armour (worn)
 R - a +0 pair of boots (worn)
 U - a cursed +0 shield (worn)
 W - a +0 hat (worn)
 X - a +2 cloak of invisibility (worn)
Jewellery
 b - an uncursed ring of magical power
 g - the ring "Zenybluf" (right hand) {+Fly Int+8}
   (You found it on level 5 of the Dungeon)

   [ring of flight]

   It affects your intelligence (+8).
   It lets you fly.
 j - a +5 ring of intelligence
 o - an amulet of the gourmand (around neck)
 v - an uncursed ring of stealth
 M - an uncursed amulet of regeneration
 T - a ring of poison resistance (left hand)
Wands
 c - a wand of confusion (9/48)
 F - a wand of disintegration (15/24)
 G - a wand of polymorph (14/24)
 K - a wand of lightning (10/15)
Scrolls
 d - 3 scrolls of enchant weapon
 e - 3 scrolls of magic mapping
 k - 4 scrolls of remove curse
 u - 3 scrolls of teleportation
 x - 3 scrolls of recharging
 H - 5 scrolls of identify
 J - a scroll of enchant armour
 Q - 3 scrolls of blinking
 V - a scroll of amnesia
Potions
 f - a potion of ambrosia
 i - 2 potions of curing
 l - 3 potions of resistance
 m - a potion of haste
 n - 3 potions of agility
 r - a potion of cancellation
 t - a potion of magic
 z - 3 potions of flight
 A - a potion of lignification
 I - a potion of invisibility
Comestibles
 h - 6 meat rations
 p - 5 bread rations
 s - 7 royal jellies
 D - 7 fruits


   Skills:
 + Level 11.4 Fighting
 * Level 17.9(18.0) Axes
 + Level 3.1(12.5) Maces & Flails
 + Level 12.5 Armour
 + Level 3.2 Dodging
 + Level 11.3 Shields


You had 12 spell levels left.
You didn't know any spells.

Dungeon Overview and Level Annotations

Branches:
Dungeon (13/15)            Temple (1/1) D:6            Lair (4/6) D:10
 Shoals (0/4) Lair:3        Snake (0/4) Lair:4          Orc (0/2) D:11
 Vaults: D:13-14

Altars:
Ashenzari
Cheibriados
Dithmenos
Elyvilon
Fedhas
Gozag
Hepliaklqana
Kikubaaqudgha
Makhleb
Nemelex Xobeh
Okawaru
Qazlal
Ru
Sif Muna
Trog
Uskayaw
Vehumet
Xom
Yredelemnul
Zin
The Shining One
Beogh

Shops:
D:8 :

Annotations:
D:13 greprep's ghost, journeyman MiFi
Lair:2 exclusion: 2 oklob plants
Lair:3 exclusion: oklob plant


Innate Abilities, Weirdness & Mutations

You reflexively headbutt those who attack you in melee.
You have a pair of horns on your head.


Message History

The adder hisses angrily.
You slash the komodo dragon! You block the black mamba's attack.
You block the komodo dragon's attack.
Unknown command.
Unknown command.
You closely miss the black mamba. Your headbutt misses the black mamba.
The black mamba is severely wounded.
You closely miss the komodo dragon. The black mamba bites you!
* * * LOW HITPOINT WARNING * * *
The black mamba bites you but does no damage.
Unknown command.
Unknown command.
Unknown command.
You closely miss the black mamba.
The black mamba is severely wounded.
You slash the komodo dragon!
You kill the komodo dragon!
Okawaru accepts your kill. The black mamba bites you!
You die...

...........##..
#..............
#.........S....
...............
...............
#.............
#...S........ #...
##.@†...... ###..#
##...†.###.. #.... ###
#........## .#
#..>####.####..##..P..##.#
#...##....##...#....%....#
#...##..........††....(..##
...#...........#..........#
.<.#..........##...%......#
..#............##..........


You could see a black mamba and an adder.

Vanquished Creatures
  Gastronok (Lair:3)
  Fannar (Lair:3)
  2 hydras (Lair:3)
  A centaur warrior (D:13)
  3 two-headed ogres
  An unseen horror (D:12)
  A skeletal warrior (D:13)
  Pikel (D:8)
  An ugly thing (D:12)
  2 manticores
  A centaur zombie (D:10)
  Joseph (D:7)
  5 elephants (Lair:2)
  A centaur skeleton (D:10)
  3 black mambas
  A torpor snail (Lair:4)
  6 spiny frogs
  7 komodo dragons
  2 trolls
  Prince Ribbit (D:7)
  6 blink frogs (Lair:1)
  9 slime creatures
  3 dream sheep (Lair:4)
  7 hippogriffs
  A meliai zombie (D:12)
  Sigmund (D:3)
  A wraith (D:12)
  3 wyverns
  5 yaks
  A basilisk (Lair:2)
  The ghost of Monsterracer the Ruffian, an amateur NaTm (D:3)
  3 hogs (D:9)
  A human (D:9)
  4 vampire mosquitoes (D:12)
  3 hungry ghosts
  Menkaure (D:4)
  2 wargs (D:10)
  7 water moccasins
  Duvessa (D:4)
  4 porcupines
  Purgy (D:4)
  2 slaves (D:8)
  3 ice beasts
  3 sky beasts
  2 black bears
  10 orc warriors
  6 phantoms
  3 ogres
  9 centaurs
  7 crocodiles
  14 bullfrogs
  2 gnoll sergeants
  A wyvern skeleton (D:12)
  6 scorpions
  Dowan (D:4)
  13 killer bees
  9 wights
  5 electric eels (D:11)
  3 bullfrog zombies
  A crimson imp (D:8)
  5 jellies
  Crazy Yiuf (D:6)
  2 hounds
  A gnoll shaman (D:7)
  9 orc priests
  2 bullfrog skeletons
  5 iguanas
  5 worker ants
  4 orc wizards
  2 hound zombies
  4 worker ant zombies
  Robin (D:4)
  11 gnolls
  24 adders
  2 river rats (D:4)
  4 shadow imps
  An ooze (D:2)
  An adder skeleton (D:5)
  6 worms
  4 dart slugs
  9 leopard geckos
  89 orcs
  14 giant cockroaches
  13 goblins
  14 hobgoblins
  16 jackals
  3 quokkas
  3 ball pythons
  6 bats
  5 frilled lizards
  6 kobolds
  5 rats
  A fungus (Lair:1)
  A plant (Lair:3)
486 creatures vanquished.

Vanquished Creatures (others)
  A hound (D:8)
  8 fungi
  14 plants
23 creatures vanquished.

Grand Total: 509 creatures vanquished

Notes
Turn   | Place    | Note
-------+----------+-------------------------------------------
     0 | D:1      | ghjk the Minotaur Fighter began the quest for the Orb.
     0 | D:1      | Reached XP level 1. HP: 19/19 MP: 0/0
   135 | D:1      | Reached XP level 2. HP: 27/27 MP: 1/1
   526 | D:2      | Reached XP level 3. HP: 32/33 MP: 2/2
   674 | D:2      | Noticed a hand axe
   674 | D:2      | Noticed a dagger
   677 | D:2      | Found a hide-covered altar of Uskayaw.
   684 | D:2      | Reached skill level 3 in Axes
  1035 | D:2      | Reached XP level 4. HP: 34/40 MP: 3/3
  1313 | D:3      | Reached skill level 4 in Axes
  1335 | D:3      | Noticed Sigmund
  1357 | D:3      | HP: 1/40 [Sigmund/scythe (3)]
  1359 | D:3      | Killed Sigmund
  1359 | D:3      | Reached skill level 5 in Axes
  1359 | D:3      | Reached skill level 1 in Dodging
  1359 | D:3      | Reached XP level 5. HP: 2/46 MP: 4/4
  1379 | D:3      | Noticed Monsterracer's ghost (amateur NaTm)
  1727 | D:3      | Reached XP level 6. HP: 38/52 MP: 5/5
  1785 | D:3      | Killed Monsterracer's ghost
  1785 | D:3      | Reached skill level 6 in Axes
  2247 | D:4      | Noticed Robin
  2263 | D:4      | Killed Robin
  2400 | D:4      | Reached skill level 7 in Axes
  2406 | D:4      | Reached skill level 5 in Armour
  2409 | D:4      | Found a glowing drain.
  2419 | Sewer    | Entered a sewer
  2428 | Sewer    | Reached XP level 7. HP: 55/59 MP: 6/6
  2534 | Sewer    | Reached skill level 5 in Shields
  3076 | D:4      | Noticed Menkaure
  3087 | D:4      | Killed Menkaure
  3087 | D:4      | Reached skill level 8 in Axes
  3287 | D:4      | Noticed Dowan
  3295 | D:4      | Killed Dowan
  3298 | D:4      | Noticed Duvessa
  3314 | D:4      | Killed Duvessa
  3314 | D:4      | Reached skill level 5 in Fighting
  3321 | D:4      | Reached XP level 8. HP: 12/68 MP: 7/7
  3593 | D:4      | Noticed Purgy
  3606 | D:4      | Killed Purgy
  3667 | D:4      | Reached skill level 9 in Axes
  3741 | D:5      | Entered Level 5 of the Dungeon
  3766 | D:5      | Got a twitching bone ring
  3820 | D:5      | Identified the ring "Zenybluf" {+Fly Int+8} (You found it on level 5 of the Dungeon)
  3917 | D:5      | Found a radiant altar of Vehumet.
  3917 | D:5      | Found an ancient bone altar of Kikubaaqudgha.
  3918 | D:5      | Found a deep blue altar of Sif Muna.
  3925 | D:5      | Identified Kikubaaqudgha's Volume of Evil
  4463 | D:5      | Found a basalt altar of Yredelemnul.
  4646 | D:5      | Found a white marble altar of Elyvilon.
  4802 | D:6      | Found a shattered altar of Ashenzari.
  4829 | D:6      | Reached skill level 10 in Axes
  5029 | D:6      | Found a staircase to the Ecumenical Temple.
  5311 | D:6      | Reached XP level 9. HP: 75/75 MP: 8/8
  5342 | Temple   | Entered the Ecumenical Temple
  5446 | Temple   | Became a worshipper of Warmaster Okawaru
  5494 | D:6      | Found a runed door.
  5674 | D:6      | Noticed Crazy Yiuf
  5736 | D:6      | Killed Crazy Yiuf
  5838 | D:7      | Found a sacrificial altar of Ru.
  5968 | D:7      | Noticed Prince Ribbit
  6182 | D:7      | Noticed Joseph
  6204 | D:7      | Killed Joseph
  6204 | D:7      | Reached skill level 11 in Axes
  6261 | D:7      | Reached * piety under Okawaru
  6522 | D:7      | Killed Prince Ribbit
  6526 | D:8      | Found Omozouwu's Book Emporium.
  6667 | D:8      | HP: 2/78 [shadow imp/nerve-wracking pain (13)]
  7037 | D:8      | Reached skill level 12 in Axes
  7170 | D:8      | Reached ** piety under Okawaru
  7175 | D:8      | Reached XP level 10. HP: 39/84 MP: 9/9
  7320 | D:8      | Found a stormy altar of Qazlal.
  7360 | D:8      | Found a shattered altar of Ashenzari.
  7367 | D:8      | Found a burning altar of Makhleb.
  7489 | D:8      | Noticed Pikel
  7498 | D:8      | Killed Pikel
  7788 | D:8      | Found a roughly hewn altar of Beogh.
  7797 | D:8      | Reached skill level 13 in Axes
  8048 | D:9      | Reached *** piety under Okawaru
  8342 | D:9      | Reached **** piety under Okawaru
  8347 | D:9      | Found a roughly hewn altar of Beogh.
  8430 | D:9      | Reached skill level 14 in Axes
  8625 | D:10     | Entered Level 10 of the Dungeon
  8683 | D:10     | Noticed a two-headed ogre
  8693 | D:10     | Killed a two-headed ogre
  8693 | D:10     | Reached ***** piety under Okawaru
  8693 | D:10     | Reached XP level 11. HP: 57/94 MP: 10/10
  9163 | D:10     | Found a staircase to the Lair.
  9438 | D:10     | Reached skill level 15 in Axes
  9966 | D:11     | Received a gift from Okawaru
 10222 | D:11     | Found a staircase to the Orcish Mines.
 10727 | D:11     | Noticed a two-headed ogre
 10742 | D:11     | Killed a two-headed ogre
 10742 | D:11     | Received a gift from Okawaru
 10956 | D:11     | Noticed a two-headed ogre
 10978 | D:11     | Killed a two-headed ogre
 10978 | D:11     | Reached skill level 10 in Armour
 12144 | D:12     | Reached skill level 16 in Axes
 12656 | D:12     | Killed an unseen horror
 12760 | D:12     | Received a gift from Okawaru
 12760 | D:12     | Reached XP level 12. HP: 70/104 MP: 11/11
 13159 | D:12     | Reached ****** piety under Okawaru
 13753 | D:13     | Noticed a centaur warrior
 13760 | D:13     | Killed a centaur warrior
 13760 | D:13     | Reached skill level 10 in Shields
 14138 | D:13     | Noticed greprep's ghost (journeyman MiFi)
 14218 | Lair:1   | Entered Level 1 of the Lair of Beasts
 15054 | Lair:1   | Reached skill level 10 in Fighting
 15326 | Lair:1   | Found a snail-covered altar of Cheibriados.
 15419 | Lair:1   | Got a crude flail
 15420 | Lair:1   | Identified the cursed +1 flail of Sulphur {pain, +Rage MR+ MP+9} (You found it on level 1 of the Lair of Beasts)
 15522 | Lair:2   | Reached skill level 17 in Axes
 15530 | Lair:2   | Received a gift from Okawaru
 16321 | Lair:3   | Noticed a five-headed hydra
 16330 | Lair:3   | Noticed a six-headed hydra
 16331 | Lair:3   | Killed a five-headed hydra
 16356 | Lair:3   | Reached XP level 13. HP: 59/114 MP: 12/12
 16380 | Lair:3   | HP: 2/115 [six-headed hydra (7)]
 16382 | Lair:3   | Reached skill level 1 in Maces & Flails
 16978 | Lair:3   | Noticed Fannar
 17008 | Lair:3   | Killed Fannar
 17203 | Lair:3   | Found a staircase to the Shoals.
 17210 | Lair:3   | Noticed Gastronok
 17227 | Lair:3   | Killed Gastronok
 17227 | Lair:3   | Received a gift from Okawaru
 17694 | Lair:4   | Found a staircase to the Snake Pit.
 17876 | Lair:4   | Slain by a black mamba

Skill      XL: |  1  2  3  4  5  6  7  8  9 10 11 12 13 |
---------------+----------------------------------------+-----
Armour         | 4 5 6 8 9 10 12 | 12.5
Fighting       | 4 5 6 7 9 10 11 | 11.4
Axes           | 3 5 7 8 10 12 14 16 17 | 17.9
Shields        | 4 5 6 7 8 9 10 11 | 11.3
Dodging        | 1 2 3 |  3.2
Maces & Flails | 3 |  3.1

Action                   |  1- 3 |  4- 6 |  7- 9 | 10-12 | 13-15 || total
-------------------------+-------+-------+-------+-------+-------++-------
Melee: War axe           |   106 |    94 |   408 |   917 |   136 ||  1661
       Headbutt          |    15 |    14 |    70 |   223 |    42 ||   364
       Unarmed           |       |       |     8 |       |       ||     8
       Flail             |       |       |       |     8 |    15 ||    23
Invok: Heroism           |       |       |       |     2 |       ||     2
  Use: Scroll            |       |     8 |     7 |    17 |     1 ||    33
       Potion            |       |     2 |     3 |     2 |     1 ||     8
  Eat: Chunk             |       |     1 |     8 |    38 |     3 ||    50
       Bread ration      |       |     1 |     1 |       |       ||     2
       Meat ration       |       |       |     1 |       |       ||     1
       Fruit             |       |       |     1 |       |       ||     1
Armor: Scale mail        |    44 |    50 |    51 |       |       ||   145
       Plate armour      |       |       |    80 |   337 |    65 ||   482
Dodge: Dodged            |    29 |    41 |   106 |   188 |    32 ||   396
Block: Shield            |    64 |    54 |   184 |   435 |    89 ||   826
